 Dungeon Crawl Stone Soup version 0.25.0-46-gbd7b0854d2 (webtiles) character file.

Game seed: 9864802532143028794

952 Ethylacetat the Gusty (level 8, -1/46 HPs)
             Began as an Octopode Air Elementalist on July 15, 2020.
             Was a Follower of Vehumet.
             Slain by a worker ant (3 damage)
             ... on level 5 of the Dungeon.
             The game lasted 00:20:22 (5309 turns).

Ethylacetat the Gusty (Octopode Air Elementalist)   Turns: 5309, Time: 00:20:22

Health: -1/46      AC:  1    Str:  7    XL:     8   Next: 14%
Magic:  7/14       EV: 14    Int: 20    God:    Vehumet [*.....]
Gold:   215        SH:  0    Dex: 18    Spells: 5/15 levels left

rFire    . . .     SeeInvis .   t - +4 short sword
rCold    . . .     Gourm    .   (no shield)
rNeg     . . .     Faith    .   (helmet restricted)
rPois    .         Spirit   .   (no amulet)
rElec    .         Reflect  .   d - +6 ring of dexterity
rCorr    .         Harm     .   (no ring)
MR       .....                  (no ring)
Stlth    +++.......             (no ring)
HPRegen  0.15/turn              (no ring)
MPRegen  0.14/turn              (no ring)
                                (no ring)
                                (no ring)

@: no status effects
A: almost no armour, stealthy swim, amphibious, 8 rings, constrict 8, camouflage
1, gelatinous body 1
a: Renounce Religion


You were on level 5 of the Dungeon.
You worshipped Vehumet.
Vehumet was aware of your devotion.
You were very hungry.

You visited 1 branch of the dungeon, and saw 5 of its levels.

You collected 215 gold pieces.

Inventory:

Hand Weapons
 t - a +4 short sword (weapon)
Missiles
 c - 80 arrows
Jewellery
 d - a +6 ring of dexterity (left tentacle)
Scrolls
 a - 6 scrolls of identify {unknown}
 j - a scroll of remove curse {unknown}
 l - 3 scrolls of teleportation {unknown}
 p - a scroll of enchant weapon {unknown}
 q - a scroll of enchant armour {unknown}
Potions
 h - 2 potions of stabbing {unknown}
 i - 2 potions of brilliance {unknown}
 n - a potion of cancellation {unknown}
 o - a potion of invisibility {unknown}
 r - a potion of haste
 s - a potion of berserk rage {unknown}
Comestibles
 b - 9 rations


   Skills:
 - Level 2.0 Dodging
 - Level 2.6 Stealth
 + Level 4.1 Spellcasting
 * Level 5.7 Conjurations
 * Level 6.5 Air Magic


You had 5 spell levels left.
You knew the following spells:

 Your Spells              Type           Power        Failure   Level  Hunger
a - Shock                 Conj/Air       ####         1%          1    None
b - Airstrike             Air            ####......   9%          4    ####...
c - Lightning Bolt        Conj/Air       ####......   28%         5    ######.

Your spell library contained the following spells:

 Spells                   Type           Power        Failure   Level  Hunger
 Searing Ray              Conj           ####..       1%          2    #......
 Static Discharge         Conj/Air       ####....     3%          3    ###....
 Swiftness                Chrm/Air       ###.....     4%          2    #......
 Stone Arrow              Conj/Erth      ###...       12%         3    ###....
 Sandblast                Erth           #.....       13%         1    None
 Passwall                 Tmut/Erth      #.......     19%         2    #......
 Petrify                  Tmut/Erth      #.......     77%         4    ####...
 Lee's Rapid Deconstruct  Erth           #.........   98%         5    ######.


Dungeon Overview and Level Annotations

Branches:
Dungeon (5/15)
 Temple: D:4-7

Altars:
Gozag
Kikubaaqudgha
Nemelex Xobeh
Vehumet


Innate Abilities, Weirdness & Mutations

You cannot wear most types of armour.
You are very stealthy in the water. (Stealth+)
You are amphibious.
You can wear up to eight rings at the same time.
You can use your tentacles to constrict eight enemies at once.
Your skin changes colour to match your surroundings (Stealth+).
Your rubbery body absorbs attacks. (AC +1, EV +1)


Message History

Confirm with . or Enter, or press ? or * to list all spells.
Aiming: Shock (safe; 1% risk of failure)
Press: ? - help, Shift-Dir - straight line
Okay, then.
Casting: Shock (safe; 1% risk of failure)
Confirm with . or Enter, or press ? or * to list all spells.
Aiming: Shock (safe; 1% risk of failure)
Press: ? - help, Shift-Dir - straight line The zap misses the worker ant.
The worker ant bites you!
* * * LOW HITPOINT WARNING * * *
Casting: Shock (safe; 1% risk of failure)
Confirm with . or Enter, or press ? or * to list all spells.
Aiming: Shock (safe; 1% risk of failure)
Press: ? - help, Shift-Dir - straight line The zap hits the worker ant.
The worker ant is lightly wounded.
The worker ant bites you.
* * * LOW HITPOINT WARNING * * *
The worker ant bites you.
You die...

#.....#....#
#.....#....#
#.....#....#
#.....#....#
#.....#....#
#.≈...#..).#
##...##..†##
###...##o..#
#.....@a{..#
#.?.$......#
#..........#
#....†.....#
#....<.....#
+..........#
#..........+
####..##..##
#####..##≈.#


You could see a worker ant and an orc.

Vanquished Creatures
  Sigmund (D:4)
  Eustachio (D:4)
  A sky beast (D:5)
  Purgy (D:3)
  An ogre (D:4)
  A scorpion (D:4)
  A hound (D:4)
  3 orc wizards
  2 worker ants
  4 adders
  A shadow imp (D:4)
  2 oozes
  2 worms
  An adder skeleton (D:4)
  A dart slug (D:1)
  6 leopard geckos
  13 orcs
  7 bats
  5 giant cockroaches
  10 hobgoblins
  7 jackals
  11 kobolds
  4 quokkas
  3 ball pythons
  A frilled lizard (D:2)
  7 goblins
  6 rats
103 creatures vanquished.

Vanquished Creatures (others)
  3 plants (D:2)
3 creatures vanquished.

Grand Total: 106 creatures vanquished

Notes
Turn   | Place    | Note
-------+----------+-------------------------------------------
     0 | D:1      | Ethylacetat the Octopode Air Elementalist began the quest
                  | for the Orb.
     0 | D:1      | Reached XP level 1. HP: 11/11 MP: 3/3
   221 | D:1      | Reached XP level 2. HP: 16/17 MP: 5/5
   694 | D:1      | Reached XP level 3. HP: 21/21 MP: 4/6
  1844 | D:2      | Reached XP level 4. HP: 27/27 MP: 3/7
  2097 | D:2      | Found a radiant altar of Vehumet.
  2205 | D:2      | Became a worshipper of Vehumet
  2244 | D:3      | Reached skill level 4 in Air Magic
  2590 | D:3      | Found an opulent altar of Gozag.
  2592 | D:3      | Found an ancient bone altar of Kikubaaqudgha.
  2895 | D:3      | Reached XP level 5. HP: 30/31 MP: 2/9
  3125 | D:3      | Reached * piety under Vehumet
  3125 | D:3      | Offered knowledge of Magic Dart by Vehumet.
  3177 | D:3      | Found a sparkling altar of Nemelex Xobeh.
  3304 | D:4      | Noticed Purgy
  3336 | D:4      | Noticed Eustachio
  3336 | D:4      | Noticed Sigmund
  3368 | D:3      | Killed Purgy
  3368 | D:3      | Reached XP level 6. HP: 10/36 MP: 1/10
  3640 | D:4      | Reached skill level 5 in Air Magic
  4188 | D:4      | Reached XP level 7. HP: 41/41 MP: 8/12
  4303 | D:4      | Killed Sigmund
  4346 | D:4      | Reached skill level 5 in Conjurations
  4355 | D:4      | Learned a level 4 spell: Airstrike
  4361 | D:4      | Learned a level 5 spell: Lightning Bolt
  4636 | D:4      | Killed Eustachio
  4636 | D:4      | Reached skill level 6 in Air Magic
  5205 | D:5      | Entered Level 5 of the Dungeon
  5212 | D:5      | Reached XP level 8. HP: 46/46 MP: 8/14
  5266 | D:5      | Offered knowledge of Searing Ray by Vehumet.
  5301 | D:5      | HP: 1/46 [something/magic dart (9)]
  5309 | D:5      | HP: 2/46 [worker ant (3)]
  5309 | D:5      | Slain by a worker ant

Illustrated notes

Levels and vault maps discovered:
D:1:      kennysheep_arrival_seaside, layout_basic, minmay_misc_feat_rows
D:2:      layout_basic, lemuel_round_altar, lexackson_kobold_supper
D:3:      layout_rooms, chequers_temple_overflow_statue_of_worship,
          nemelex_xobeh_ov_fountains_minmay
D:4:      layout_cave_pods, first_ration, uniq_eustachio, uniq_sigmund,
          uniq_purgy
D:5:      layout_gridville, chequers_garden, vehumet_altar_wand_db

Skill      XL: |  1  2  3  4  5  6  7 |
---------------+----------------------+-----
Conjurations   | 2 3 4 5 |  5.7
Air Magic      | 4 5 6 |  6.5
Spellcasting   | 3 4 |  4.1
Dodging        | |  2.0
Stealth        | |  2.6

Action                   |  1- 3 |  4- 6 |  7- 9 || total
-------------------------+-------+-------+-------++-------
Melee: Club              |    48 |    20 |    35 ||   103
       Unarmed           |     4 |       |       ||     4
       Constrict         |    19 |     8 |     8 ||    35
       Tentacles         |    11 |     5 |     7 ||    23
       Short sword       |       |       |    10 ||    10
Throw: Throwing net      |       |     1 |       ||     1
 Cast: Shock             |    38 |    91 |    50 ||   179
  Use: Potion            |       |       |     6 ||     6
 Stab: Sleeping          |     6 |     1 |       ||     7
       Held in net/web   |       |     1 |       ||     1
  Eat: Chunk             |     3 |     8 |     2 ||    13
Armor: Skin              |     3 |     6 |    54 ||    63
Dodge: Dodged            |    48 |    59 |    78 ||   185
